 Dungeon Crawl Stone Soup version 0.17-a0-1719-g1afd5a1 (webtiles) character file.

32 kosy22 the Skirmisher (level 3, -4/34 HPs)
             Began as a Hill Orc Chaos Knight on Aug 27, 2015.
             Slain by an iguana (12 damage)
             ... on level 4 of the Dungeon.
             The game lasted 00:04:43 (836 turns).

kosy22 the Skirmisher (Hill Orc Chaos Knight)        Turns: 836, Time: 00:04:43

Health: -4/34      AC:  6    Str: 15    XL:     3   Next: 25%
Magic:  3/3        EV:  9    Int: 17    God:    Xom [..*...]
Gold:   13         SH:  0    Dex: 10    Spells: 0 memorised, 2 levels left

rFire  . . .     SeeInvis .     g - +0 flail
rCold  . . .     Clarity  .     d - +0 scale mail
rNeg   . . .     SustAt   .     (no shield)
rPois  .         Gourm    .     (no helmet)
rElec  .         Spirit   .     (no cloak)
rCorr  .         Warding  .     (no gloves)
rMut   .         Stasis   +     (no boots)
MR     .....                    e - amulet of stasis
Stlth  ..........               (no ring)
                                (no ring)

@: brilliant, not resistant to hostile enchantments, extremely unstealthy
A: no striking features
a: Renounce Religion


You were on level 4 of the Dungeon.
You worshipped Xom.
You were a toy of Xom.
You were not hungry.

You visited 1 branch of the dungeon, and saw 4 of its levels.

You collected 13 gold pieces.

Inventory:

Hand weapons
 a - a +0 falchion of chaos
 g - a +0 flail (weapon)
Armour
 b - a +2 leather armour
 d - a +0 scale mail (worn)
Jewellery
 e - an amulet of stasis (around neck)
Scrolls
 f - a scroll of magic mapping {unknown}
 h - a scroll of immolation {unknown}
Comestibles
 c - 2 bread rations


   Skills:
 + Level 4.3 Fighting
 + Level 4.0 Long Blades
 + Level 2.2 Armour
 + Level 1.0 Dodging


You had 2 spell levels left.
You didn't know any spells.

Dungeon Overview and Level Annotations

Branches:
Dungeon (4/15)
 Temple: D:4-7

Altars:


Message History

The orc closely misses you. The quokka bites you.
You sock the quokka!
You kill the quokka!
Your Long Blades skill increases to level 4!
The orc barely misses you. The orc closely misses you.
The orc hits you with a falchion of flaming.
The orc burns you. The iguana bites you!
You hit the iguana but do no damage. The orc barely misses you.
The iguana barely misses you. The orc closely misses you.
The orc hits you but does no damage.
The orc hits you with a falchion of flaming.
The orc burns you. The orc barely misses you. The iguana bites you!
* * * LOW HITPOINT WARNING * * *
The orc closely misses you.
You see here 5 gold pieces.
The iguana bites you!
You die...
Xom is highly amused!

.. ..
#+########..
...........
..........#
..........####
.............#
........l@...#
........oo...+
#.......o...#
.............#
.............#
........?.......
.................
...#########.....
... .....


You could see an iguana and 3 orcs.

Vanquished Creatures
  An adder (D:2)
  A worm (D:2)
  An orc (D:3)
  3 bats
  A giant cockroach (D:2)
  4 kobolds
  A giant newt (D:1)
  A goblin (D:1)
  A quokka (D:4)
  5 rats
19 creatures vanquished.

Vanquished Creatures (collateral kills)
  A rat (D:1)
1 creature vanquished.

Grand Total: 20 creatures vanquished

Notes
Turn   | Place    | Note
--------------------------------------------------------------
     0 | D:1      | kosy22 the Hill Orc Chaos Knight began the quest for the Orb.
     0 | D:1      | Reached XP level 1. HP: 19/19 MP: 1/1
    42 | D:1      | XOM: silly message
   321 | D:1      | XOM is BORED!
   321 | D:1      | XOM: silly message
   380 | D:1      | Reached XP level 2. HP: 25/27 MP: 2/2
   434 | D:1      | You fall through a shaft!
   456 | D:2      | Reached skill level 4 in Fighting
   631 | D:2      | Reached skill level 1 in Dodging
   631 | D:2      | Reached XP level 3. HP: 29/33 MP: 3/3
   829 | D:4      | XOM: potion effect (brilliance)
   836 | D:4      | Slain by an iguana

Vault maps used:
D:1:      lightli_arrival_quake
D:2:      yredelemnul_altar_generic, nicolae_dithmenos_through_a_glass_darkly,
          minmay_misc_feat_ornament, minmay_misc_feat_four_crosses,
          uniq_crazy_yiuf_cottage
D:3:      kennysheep_goblin_castle, xom_teletrap_fun, lemuel_round_altar,
          gammafunk_temple_overflow_wave, first_bread, uniq_natasha
D:4:      kennysheep_kobold_camp, fedhas_altar_1, enter_ossuary_4, serial_shops,
          nicolae_shop_temple_entry_statues_fountains, kennysheep_small_circle

Action                   || total
-------------------------++-------
Melee: Falchion          ||    44
       Flail             ||     7
  Use: Scroll            ||     1
 Stab: Paralysed         ||     1
